TOP OF THE 1ST |
Houston Marshals batting - Pitching for Kansas City Kings : LHP Osvaldo Cruz
|
Pitching: LHP Osvaldo Cruz
|
|
Batting: RHB Javier Rentería
|
0-0: Ball 1-0: Fly out, F7 (Flyball, 78S)
|
Batting: RHB Esteban Lara
|
0-0: Foul Ball, location: 2F 0-1: Called Strike 0-2: Ball 1-2: Fly out, F4 (Line Drive, 4)
|
Batting: LHB José Rodríguez
|
0-0: Ball 1-0: Called Strike 1-1: Swinging Strike 1-2: Foul Ball, location: 2F 1-2: Foul Ball, location: 2F 1-2: Ball 2-2: Fly out, F7 (Flyball, 7S)
|
Top of the 1st over - 0 runs, 0 hits, 0 errors, 0 left on base; Houston 0 - Kansas City 0 |
BOTTOM OF THE 1ST |
Kansas City Kings batting - Pitching for Houston Marshals : RHP José Salinas
|
Pitching: RHP José Salinas
|
|
Batting: SHB Douglas Taylor
|
0-0: Ball 1-0: Swinging Strike 1-1: Ball 2-1: Foul Ball, location: 2F 2-2: Ball 3-2: Ground out 4-3 (Groundball, 4)
|
Batting: RHB Chris Chandler
|
0-0: Called Strike 0-1: Foul Ball, location: 2F 0-2: Ball 1-2: SINGLE (Groundball, 56D)
|
Batting: RHB Toshimichi Kono
|
0-0: Ball 1-0: SINGLE (Line Drive, 78M) Chris Chandler to second
|
Batting: RHB Dave Parker
|
0-0: Ball 1-0: Foul Ball, location: 2F 1-1: Grounds into double play, 1-6-3 (Groundball, P)
|
Bottom of the 1st over - 0 runs, 2 hits, 0 errors, 1 left on base; Houston 0 - Kansas City 0 |
TOP OF THE 2ND |
Houston Marshals batting - Pitching for Kansas City Kings : LHP Osvaldo Cruz
|
Batting: RHB Chris Parker
|
0-0: Foul Ball, location: 2F 0-1: Foul Ball, location: 2F 0-2: Fly out, F6 (Line Drive, 6)
|
Batting: LHB Guy Moss
|
0-0: Ball 1-0: Ball 2-0: Ball 3-0: Called Strike 3-1: Foul Ball, location: 2F 3-2: Strikes out looking
|
Batting: RHB Adrian Prouse
|
0-0: Ball 1-0: Ball 2-0: Fly out, F7 (Flyball, 78D)
|
Top of the 2nd over - 0 runs, 0 hits, 0 errors, 0 left on base; Houston 0 - Kansas City 0 |
BOTTOM OF THE 2ND |
Kansas City Kings batting - Pitching for Houston Marshals : RHP José Salinas
|
Batting: LHB Luis González
|
0-0: Ball 1-0: Ball 2-0: Swinging Strike 2-1: Ball 3-1: Base on Balls
|
Batting: RHB Eduardo García
|
0-0: Called Strike 0-1: Ball 1-1: Ball 2-1: Ball 3-1: SINGLE (Groundball, 34D) Luis González to second Runner from 2nd tries for 3rd, SAFE, throw made to third
|
Batting: RHB Cy Keynes
|
0-0: Ball 1-0: Ball 2-0: Foul Ball, location: 2F 2-1: Foul Ball, location: 2F 2-2: Foul Ball, location: 2F 2-2: Ball 3-2: Foul Ball, location: 2F 3-2: Foul Ball, location: 2F 3-2: SINGLE (Line Drive, 34D) Luis González scores Eduardo García to second Runner from 2nd tries for 3rd, SAFE, throw made to third
|
Batting: RHB Rafael Carreón
|
0-0: Foul Ball, location: 2F 0-1: Foul Ball, location: 2F 0-2: Strikes out swinging
|
Batting: LHB Ron Crawford
|
0-0: Foul Ball, location: 2F 0-1: Ball 1-1: SINGLE (Groundball, 3) (infield hit) Eduardo García scores Cy Keynes to second
|
Batting: SHB Douglas Taylor
|
0-0: Ball 1-0: Fielders Choice at 2nd, 6-4 (Groundball, 6M) Cy Keynes to third
|
Batting: RHB Chris Chandler
|
0-0: Swinging Strike 0-1: Ball 1-1: Called Strike 1-2: Ball 2-2: Ball 3-2: Foul Ball, location: 2F 3-2: Ground out 5-3 (Groundball, 56S)
|
Bottom of the 2nd over - 2 runs, 3 hits, 0 errors, 2 left on base; Houston 0 - Kansas City 2 |
TOP OF THE 3RD |
Houston Marshals batting - Pitching for Kansas City Kings : LHP Osvaldo Cruz
|
Batting: SHB Ramón Lugo
|
0-0: Foul Ball, location: 2F 0-1: Ball 1-1: Ball 2-1: Foul Ball, location: 2F 2-2: Ball 3-2: Base on Balls
|
Batting: RHB Gustavo Díaz
|
0-0: Ball 1-0: SINGLE (Line Drive, 4MD) Ramón Lugo to second
|
Batting: LHB Matt Smith
|
0-0: Ball 1-0: Ball 2-0: Foul Ball, location: 2F 2-1: Called Strike 2-2: Strikes out swinging
|
Batting: RHB Javier Rentería
|
0-0: Foul Ball, location: 2F 0-1: Ball 1-1: Called Strike 1-2: Foul Ball, location: 2F 1-2: Ball 2-2: Strikes out swinging
|
Batting: RHB Esteban Lara
|
0-0: Swinging Strike 0-1: Called Strike 0-2: Ball 1-2: Foul Ball, location: 2F 1-2: Foul Ball, location: 2F 1-2: Ball 2-2: Strikes out swinging
|
Top of the 3rd over - 0 runs, 1 hit, 0 errors, 2 left on base; Houston 0 - Kansas City 2 |
BOTTOM OF THE 3RD |
Kansas City Kings batting - Pitching for Houston Marshals : RHP José Salinas
|
Batting: RHB Toshimichi Kono
|
0-0: Ball 1-0: Foul Ball, location: 2F 1-1: Foul Ball, location: 2F 1-2: Ball 2-2: Ground out 1-3 (Groundball, 13S)
|
Batting: RHB Dave Parker
|
0-0: Ball 1-0: Fly out, F8 (Flyball, 8RD)
|
Batting: LHB Luis González
|
0-0: Called Strike 0-1: Foul Ball, location: 2F 0-2: Ball 1-2: DOUBLE (Groundball, 5L)
|
Batting: RHB Eduardo García
|
0-0: Ball 1-0: Ball 2-0: Called Strike 2-1: Ground out 5-3 (Groundball, 56)
|
Bottom of the 3rd over - 0 runs, 1 hit, 0 errors, 1 left on base; Houston 0 - Kansas City 2 |
TOP OF THE 4TH |
Houston Marshals batting - Pitching for Kansas City Kings : LHP Osvaldo Cruz
|
Batting: LHB José Rodríguez
|
0-0: Ball 1-0: Ground out 6-3 (Groundball, 6)
|
Batting: RHB Chris Parker
|
0-0: Ball 1-0: Foul Ball, location: 2F 1-1: Foul Ball, location: 2F 1-2: Foul Ball, location: 2F 1-2: Ball 2-2: Ball 3-2: Foul Ball, location: 2F 3-2: SINGLE (Flyball, 78M)
|
Batting: LHB Guy Moss
|
0-0: Called Strike 0-1: Ball 1-1: Foul Ball, location: 2F 1-2: Strikes out looking
|
Batting: RHB Adrian Prouse
|
0-0: Foul Ball, location: 2F 0-1: Foul Ball, location: 2F 0-2: Ball 1-2: Fly out, F8 (Flyball, 8RXD)
|
Top of the 4th over - 0 runs, 1 hit, 0 errors, 1 left on base; Houston 0 - Kansas City 2 |
BOTTOM OF THE 4TH |
Kansas City Kings batting - Pitching for Houston Marshals : RHP José Salinas
|
Batting: RHB Cy Keynes
|
0-0: Called Strike 0-1: Ball 1-1: Ball 2-1: Ball 3-1: Foul Ball, location: 2F 3-2: Strikes out looking
|
Batting: RHB Rafael Carreón
|
0-0: Swinging Strike 0-1: Ball 1-1: Ball 2-1: Ball 3-1: Base on Balls
|
Batting: LHB Ron Crawford
|
0-0: Foul Ball, location: 2F 0-1: Ball 1-1: SINGLE (Groundball, 34D) (infield hit) Rafael Carreón to second
|
Batting: SHB Douglas Taylor
|
0-0: Ball 1-0: Ball 2-0: Ball 3-0: Base on Balls Rafael Carreón to third Ron Crawford to second
|
Batting: RHB Chris Chandler
|
0-0: Ball Wild Pitch! Rafael Carreón scores Ron Crawford to third Douglas Taylor to second 1-0: Ball 2-0: Ball Wild Pitch! Ron Crawford scores Douglas Taylor to third 3-0: Called Strike 3-1: Foul Ball, location: 2F 3-2: SINGLE (Groundball, 56) (infield hit) Douglas Taylor scores
|
Batting: RHB Toshimichi Kono
|
0-0: Ball 1-0: Called Strike 1-1: Foul Ball, location: 2F 1-2: SINGLE (Groundball, 6MD) Chris Chandler to second Runner from 2nd tries for 3rd, SAFE, no throw
|
Batting: RHB Dave Parker
|
0-0: Ball 1-0: Ball 2-0: Ball 3-0: Hit by Pitch Toshimichi Kono to second
|
Batting: LHB Luis González
|
0-0: Called Strike 0-1: SINGLE (Flyball, 89S) Chris Chandler scores Toshimichi Kono to third Dave Parker to second Runner from 3rd tries for Home, SAFE, no throw
|
Batting: RHB Eduardo García
|
0-0: Foul Ball, location: 2F 0-1: Ball 1-1: Ball 2-1: Called Strike 2-2: Foul Ball, location: 2F 2-2: Foul Ball, location: 2F 2-2: Grounds into double play, 6-4-3 (Groundball, 6)
|
Bottom of the 4th over - 5 runs, 4 hits, 0 errors, 1 left on base; Houston 0 - Kansas City 7 |
TOP OF THE 5TH |
Houston Marshals batting - Pitching for Kansas City Kings : LHP Osvaldo Cruz
|
Batting: SHB Ramón Lugo
|
0-0: Called Strike 0-1: Foul Ball, location: 2F 0-2: Ground out U3 (Groundball, 34S)
|
Batting: RHB Gustavo Díaz
|
0-0: Called Strike 0-1: Swinging Strike 0-2: Ball 1-2: Ball 2-2: Foul Ball, location: 2F 2-2: Ball 3-2: Base on Balls
|
Batting: LHB Matt Smith
|
0-0: Ball 1-0: Ball 2-0: Swinging Strike 2-1: Called Strike 2-2: Foul Ball, location: 2F 2-2: Strikes out swinging
|
Batting: RHB Javier Rentería
|
0-0: Foul Ball, location: 2F 0-1: Ball 1-1: Ball 2-1: SINGLE (Line Drive, 89S) Gustavo Díaz to second
|
Batting: RHB Esteban Lara
|
0-0: Fly out, F4 (Line Drive, 4)
|
Top of the 5th over - 0 runs, 1 hit, 0 errors, 2 left on base; Houston 0 - Kansas City 7 |
BOTTOM OF THE 5TH |
Kansas City Kings batting - Pitching for Houston Marshals : RHP José Salinas
|
Batting: RHB Cy Keynes
|
0-0: Ball 1-0: Ball 2-0: Foul Ball, location: 2F 2-1: Fly out, F9 (Flyball, 9)
|
Batting: RHB Rafael Carreón
|
0-0: Ball 1-0: Foul Ball, location: 2F 1-1: Called Strike 1-2: Ball 2-2: SINGLE (Groundball, 5D)
|
Pitching: LHP Stan Aldridge
|
|
Batting: LHB Ron Crawford
|
0-0: SINGLE (Flyball, 5D) Rafael Carreón to second
|
Batting: SHB Douglas Taylor
|
0-0: Fly out, F4 (Popup, 34D)
|
Batting: RHB Chris Chandler
|
0-0: Ball 1-0: Ball 2-0: Ball 3-0: Called Strike 3-1: Base on Balls Rafael Carreón to third Ron Crawford to second
|
Batting: RHB Toshimichi Kono
|
0-0: Ball 1-0: Ball 2-0: SINGLE (Line Drive, 9S) Rafael Carreón scores Ron Crawford to third Chris Chandler to second Runner from 3rd tries for Home, SAFE, no throw
|
Batting: RHB Dave Parker
|
0-0: Ball 1-0: Ball 2-0: Ball 3-0: Base on Balls Chris Chandler to third Toshimichi Kono to second
|
Batting: LHB Luis González
|
0-0: Called Strike 0-1: Foul Ball, location: 2F 0-2: Fly out, F9 (Line Drive, 9)
|
Bottom of the 5th over - 2 runs, 3 hits, 0 errors, 3 left on base; Houston 0 - Kansas City 9 |
TOP OF THE 6TH |
Houston Marshals batting - Pitching for Kansas City Kings : LHP Osvaldo Cruz
|
Batting: LHB José Rodríguez
|
0-0: Foul Ball, location: 2F 0-1: Foul Ball, location: 2F 0-2: Ball 1-2: Ball 2-2: Strikes out swinging
|
Batting: RHB Chris Parker
|
0-0: Ground out 6-3 (Groundball, 6)
|
Batting: LHB Guy Moss
|
0-0: Called Strike 0-1: Ball 1-1: Called Strike 1-2: SINGLE (Flyball, 78S)
|
Batting: RHB Adrian Prouse
|
0-0: Called Strike 0-1: Fielders Choice at 2nd, 6-4 (Groundball, 6)
|
Top of the 6th over - 0 runs, 1 hit, 0 errors, 1 left on base; Houston 0 - Kansas City 9 |
BOTTOM OF THE 6TH |
Kansas City Kings batting - Pitching for Houston Marshals : LHP Stan Aldridge
|
Batting: RHB Eduardo García
|
0-0: Called Strike 0-1: Ball 1-1: Fly out, F8 (Flyball, 8RS)
|
Batting: RHB Cy Keynes
|
0-0: Ball 1-0: Ground out 5-3 (Groundball, 56)
|
Batting: RHB Rafael Carreón
|
0-0: Fly out, F7 (Flyball, 7S)
|
Bottom of the 6th over - 0 runs, 0 hits, 0 errors, 0 left on base; Houston 0 - Kansas City 9 |
TOP OF THE 7TH |
Houston Marshals batting - Pitching for Kansas City Kings : LHP Osvaldo Cruz
|
Batting: SHB Ramón Lugo
|
0-0: Ball 1-0: Called Strike 1-1: Foul Ball, location: 2F 1-2: Fly out, F7 (Line Drive, 7D)
|
Batting: RHB Gustavo Díaz
|
0-0: Called Strike 0-1: SINGLE (Flyball, 7LS)
|
Batting: LHB Matt Smith
|
0-0: Called Strike 0-1: Ball 1-1: Ball Wild Pitch! Gustavo Díaz to second 2-1: Ball 3-1: DOUBLE (Line Drive, 7LM) Gustavo Díaz scores
|
Pitching: RHP Brian Hull
|
|
Batting: RHB Javier Rentería
|
0-0: Foul Ball, location: 2F 0-1: Ball 1-1: Ball 2-1: Foul Ball, location: 2F 2-2: Foul Ball, location: 2F 2-2: Ball 3-2: DOUBLE (Line Drive, 7LD) Matt Smith scores
|
Pinch Runner at 2nd Michael Cook:
|
|
Batting: RHB Esteban Lara
|
0-0: Called Strike 0-1: Ball 1-1: Ground out 1-3 (Groundball, 13) Michael Cook to third
|
Batting: LHB José Rodríguez
|
0-0: Called Strike 0-1: Swinging Strike 0-2: Foul Ball, location: 2F 0-2: Strikes out looking
|
Top of the 7th over - 2 runs, 3 hits, 0 errors, 1 left on base; Houston 2 - Kansas City 9 |
BOTTOM OF THE 7TH |
Kansas City Kings batting - Pitching for Houston Marshals : LHP Stan Aldridge
|
Now in CF: Michael Cook
|
|
Batting: LHB Ron Crawford
|
0-0: Fly out, F8 (Flyball, 8LM)
|
Batting: SHB Douglas Taylor
|
0-0: Foul Ball, location: 2F 0-1: Ball 1-1: Foul Ball, location: 2F 1-2: Ball 2-2: SINGLE (Line Drive, 6D)
|
Batting: RHB Chris Chandler
|
0-0: Ball 1-0: Ball 2-0: SINGLE (Groundball, 56D) Douglas Taylor to second
|
Pitching: RHP Ron Scott
|
|
Batting: RHB Toshimichi Kono
|
0-0: Foul Ball, location: 2F 0-1: Ball 1-1: Ball 2-1: Foul Ball, location: 2F 2-2: Foul Ball, location: 2F 2-2: Ball 3-2: SINGLE (Flyball, 8RM) Douglas Taylor to third Chris Chandler to second Runner from 3rd tries for Home, SAFE, throw made home
|
Batting: RHB Dave Parker
|
0-0: Swinging Strike 0-1: Ball 1-1: Ball 2-1: Ball 3-1: Foul Ball, location: 2F 3-2: DOUBLE (Groundball, 5L) Chris Chandler scores Toshimichi Kono to third Toshimichi Kono scores
|
Batting: LHB Luis González
|
0-0: Called Strike 0-1: Foul Ball, location: 2F 0-2: Foul Ball, location: 2F 0-2: Ball 1-2: Ball 2-2: Ball 3-2: Fly out, F7 (Line Drive, 7D)
|
Batting: RHB Eduardo García
|
0-0: Ball Wild Pitch! Dave Parker to third 1-0: Called Strike 1-1: Ball 2-1: Ball 3-1: Base on Balls
|
Batting: RHB Cy Keynes
|
0-0: Called Strike 0-1: Ball 1-1: Ground out U3 (Groundball, 34S)
|
Bottom of the 7th over - 3 runs, 4 hits, 0 errors, 2 left on base; Houston 2 - Kansas City 12 |
TOP OF THE 8TH |
Houston Marshals batting - Pitching for Kansas City Kings : RHP Brian Hull
|
Batting: RHB Chris Parker
|
0-0: Ball 1-0: Foul Ball, location: 2F 1-1: Fly out, F8 (Flyball, 8RM)
|
Batting: LHB Guy Moss
|
0-0: Ball 1-0: Foul Ball, location: 2F 1-1: Called Strike 1-2: Strikes out swinging, 2-3 out at first.
|
Batting: RHB Adrian Prouse
|
0-0: Called Strike 0-1: Ball 1-1: Fly out, F7 (Flyball, 7S)
|
Top of the 8th over - 0 runs, 0 hits, 0 errors, 0 left on base; Houston 2 - Kansas City 12 |
BOTTOM OF THE 8TH |
Kansas City Kings batting - Pitching for Houston Marshals : RHP Ron Scott
|
Batting: RHB Rafael Carreón
|
0-0: Ball 1-0: Ball 2-0: Ball 3-0: Called Strike 3-1: Foul Ball, location: 2F 3-2: Strikes out swinging
|
Batting: LHB Ron Crawford
|
0-0: Fly out, F7 (Flyball, 7)
|
Batting: SHB Douglas Taylor
|
0-0: Called Strike 0-1: Called Strike 0-2: Ball 1-2: Ball 2-2: Ball 3-2: Base on Balls
|
Batting: RHB Chris Chandler
|
0-0: Swinging Strike 0-1: DOUBLE (Flyball, 78XD) Douglas Taylor to third Runner from 3rd tries for Home, SAFE, no throw
|
Batting: RHB Toshimichi Kono
|
0-0: Ball 1-0: Called Strike 1-1: Ball 2-1: Foul Ball, location: 2F 2-2: SINGLE (Groundball, 34D) Chris Chandler to third Runner from 3rd tries for Home, SAFE, no throw
|
Batting: RHB Dave Parker
|
0-0: Ball 1-0: Called Strike 1-1: Fly out, F5 (Line Drive, 5)
|
Bottom of the 8th over - 2 runs, 2 hits, 0 errors, 1 left on base; Houston 2 - Kansas City 14 |
TOP OF THE 9TH |
Houston Marshals batting - Pitching for Kansas City Kings : RHP Brian Hull
|
Batting: SHB Ramón Lugo
|
0-0: Ball 1-0: Swinging Strike 1-1: Ball 2-1: Swinging Strike 2-2: Foul Ball, location: 2F 2-2: Ground out 5-3 (Groundball, 56)
|
Batting: RHB Gustavo Díaz
|
0-0: Fly out, F4 (Flyball, 4D)
|
Batting: LHB Matt Smith
|
0-0: Swinging Strike 0-1: Called Strike 0-2: Strikes out looking
|
Top of the 9th over - 0 runs, 0 hits, 0 errors, 0 left on base; Houston 2 - Kansas City 14 |
|